 Dungeon Crawl Stone Soup version 0.28-a0-984-g3775c66 (webtiles) character file.

Game seed: 13765795329753690551

345 Dorkslayer the Chopper (level 6, -9/48 (53) HPs)
             Began as a Hill Orc Fighter on Dec 3, 2021.
             Killed by an exploding wight (16 damage)
             ... ignited by their inner flame
             ... on level 4 of the Dungeon.
             The game lasted 00:08:11 (3406 turns).

Dorkslayer the Chopper (Hill Orc Fighter)           Turns: 3406, Time: 00:08:12

HP:   -9/48 (53)    AC:  8    Str: 19    XL:     6   Next: 58%
MP:   6/6           EV:  9    Int:  8    God:
Gold: 133           SH:  5    Dex: 12    Spells: 5/5 levels left

rFire   + . .      SeeInvis .   a - +1 war axe
rCold   . . .      Faith    .   c - +0 buckler
rNeg    . . .      Spirit   .   b - +0 scale mail
rPois   .          Reflect  .   (no helmet)
rElec   .          Harm     .   (no cloak)
rCorr   .          Rampage  .   l - +0 pair of gloves
Will    +....                   (no boots)
Stlth   ..........              (no amulet)
HPRegen 0.16/turn               e - ring of willpower
MPRegen 0.10/turn               g - ring of protection from fire

@: drained
A: no striking features
a: no special abilities


You were on level 4 of the Dungeon.
You visited 1 branch of the dungeon, and saw 4 of its levels.

You collected 133 gold pieces.

Inventory:

Hand Weapons
 a - a +1 war axe (weapon)
 d - a +0 broad axe
Missiles
 j - an atropa-tipped dart (quivered)
Armour
 b - a +0 scale mail (worn)
 c - a +0 buckler (worn)
 l - a +0 pair of gloves (worn)
Jewellery
 e - a ring of willpower (left hand)
 g - a ring of protection from fire (right hand)
Scrolls
 n - a scroll of magic mapping
 o - a scroll of fog {unknown}
 p - a scroll of fear {unknown}
 q - a scroll of identify {unknown}
Potions
 f - a potion of haste {unknown}
 h - a potion of ambrosia {unknown}
 i - a potion of attraction {unknown}
 k - a potion of berserk rage {unknown}


   Skills:
 + Level 4.6 Fighting
 + Level 6.5 Axes
 + Level 0.3 Throwing
 + Level 4.7 Armour
 + Level 0.6 Dodging
 + Level 3.8 Shields


You had 5 spell levels left.
You didn't know any spells.
Your spell library contained the following spells:

 Spells                   Type           Power      Damage    Failure   Level
 Animate Skeleton         Necr           0%         N/A       77%         1
 Apportation              Tloc           0%         N/A       77%         1
 Pain                     Necr           0%         1d4       77%         1
 Ensorcelled Hibernation  Hex/Ice        0%         N/A       88%         2
 Portal Projectile        Hex/Tloc       0%         N/A       98%         3
 Tukima's Dance           Hex            0%         N/A       98%         3
 Vampiric Draining        Necr           0%         2d6       98%         3
 Leda's Liquefaction      Hex/Erth       0%         N/A       100%        4
 Passage of Golubria      Tloc           0%         N/A       100%        4


Dungeon Overview and Level Annotations

Branches:
Dungeon (4/15)
 Temple: D:4-7

Altars:

Shops:
D:4 (


Message History

An ogre and a wight come into view.
Found 11 poisoned darts.
The ogre shouts!
A wight comes into view. It is wielding a +4 dire flail.
A wight comes into view. It is wielding a +5 morningstar.
You see here a scroll labelled HIMAUM UNEHIU.
q - a scroll labelled HIMAUM UNEHIU A giant cockroach comes into view.
Okay, then.
As you read the scroll labelled UNIRAF RIOLIKK, it crumbles to dust.
The creatures around you are filled with an inner flame!
It was a scroll of immolation.
Throw: 3 darts (atropa)
Press: ? - help, Q - select action Shift-Dir - straight line, f - wight
Aim: a wight, wielding a +4 dire flail and wearing a +0 robe (inner flame, 59% to hit, immune)
You throw an atropa-tipped dart. The atropa-tipped dart hits the wight.
The wight is unaffected.
Throw: 2 darts (atropa)
Press: ? - help, Q - select action Shift-Dir - straight line, f/p - wight
Aim: a wight, wielding a +4 dire flail and wearing a +0 robe (inner flame, 59% to hit, immune)
You throw an atropa-tipped dart. The atropa-tipped dart hits the wight.
The wight is unaffected.
You barely miss the wight.
The giant cockroach waves its antennae.
The wight hits you from afar with a +5 halberd!
You feel drained.
The wight hits you with a +4 dire flail!
You feel drained.
Okay, then.
You slash the wight!
Flame seeps out of the wight.
The wight is almost destroyed.
The wight hits you from afar with a +5 halberd!
* * * LOW HITPOINT WARNING * * *
You feel drained.
* * * LOW HITPOINT WARNING * * *
The wight is engulfed in blazing flames.
The wight explodes!
The fiery explosion engulfs the wight!!
The fiery explosion engulfs you! You resist.
You die...

#.......<.†.##..........
##......##..##z.B.......
##...#.##...........###
##.##.###O##..#....#
#.##.# #z##..##.....#
#.##.# #B##.......#.#
#.##.# #§##.###.#....
#.##.# #○##.###.###..
#.##.# #@#...........
#.##.# #....#...###
#.##.# ###..#.### #.##.#
#..#.####
#.##.#####........
#.##........#.####
#.#########...#### #.#
#....... ### #.#####
#....... ...


You could see an ogre, a wight and a giant cockroach.

Vanquished Creatures
  Blork the orc (D:4)
  2 wights (D:4)
  2 orc priests (D:4)
  A bullfrog skeleton (D:3)
  4 gnolls
  5 adders
  A howler monkey skeleton (D:4)
  4 worms
  2 dart slugs
  4 orcs
  7 ball pythons
  5 endoplasms
  2 giant cockroaches (D:3)
  8 goblins
  8 hobgoblins
  4 quokkas
  3 bats
  5 frilled lizards
  11 kobolds
  8 rats
87 creatures vanquished.

Vanquished Creatures (others)
  A plant (D:4)
1 creature vanquished.

Grand Total: 88 creatures vanquished

Notes
Turn   | Place    | Note
-------+----------+-------------------------------------------
     0 | D:1      | Dorkslayer the Hill Orc Fighter began the quest for the
                  | Orb.
     0 | D:1      | Reached XP level 1. HP: 19/19 MP: 1/1
   135 | D:1      | Reached skill level 3 in Axes
   135 | D:1      | Reached XP level 2. HP: 18/27 MP: 2/2
   272 | D:1      | Got the Reference Book on Execration and Orientation
   741 | D:1      | Reached XP level 3. HP: 33/33 MP: 3/3
  1431 | D:2      | Reached skill level 4 in Axes
  1476 | D:2      | Reached XP level 4. HP: 38/40 MP: 4/4
  1516 | D:2      | Found a faded altar of an unknown god.
  2369 | D:3      | Reached skill level 5 in Axes
  2369 | D:3      | Reached XP level 5. HP: 44/46 MP: 5/5
  2660 | D:3      | Got Sif Muna's Compendium of Malediction
  3018 | D:4      | Reached XP level 6. HP: 49/53 MP: 6/6
  3058 | D:4      | Identified the +7 flail of the Moon {spect, rF+ rC+ MP+9}
  3084 | D:4      | Found Saczour's Antique Weapon Boutique.
  3130 | D:4      | Noticed Blork the orc
  3138 | D:4      | Killed Blork the orc
  3139 | D:4      | Reached skill level 6 in Axes
  3406 | D:4      | Killed by an exploding wight... ignited by their inner
                  | flame

Illustrated notes

Levels and vault maps discovered:
D:1:      lightli_arrival_boilingwater, layout_basic,
          hangedman_abyss_or_decor_stabs, interstate_on_off
D:2:      layout_rooms, hellmonk_ecumenical_altar_heavens_door
D:3:      minmay_octagon_keep, layout_loops_ring, eino_tiny_chamber,
          minmay_stone_trees_large, minmay_bisected
D:4:      layout_loops_ring, serial_shops, nicolae_shop_overgrown_old_shop,
          columned_hall_lemuel, uniq_duvessa, uniq_blork_the_orc

Skill      XL: |  1  2  3  4  5  6 |
---------------+-------------------+-----
Axes           | 3 4 5 6 |  6.5
Fighting       | 4 |  4.6
Armour         | 4 |  4.7
Throwing       | |  0.3
Dodging        | |  0.6
Shields        | |  3.8

Action                   |  1- 3 |  4- 6 || total
-------------------------+-------+-------++-------
Melee: War axe           |    98 |   160 ||   258
Throw: Dart              |       |     8 ||     8
  Use: Scroll            |     2 |     4 ||     6
       Potion            |       |     1 ||     1
Armor: Scale mail        |    46 |    68 ||   114
Dodge: Dodged            |    45 |    67 ||   112
Block: Buckler           |    24 |    27 ||    51

Table legend: (Time is in decaauts)
 A = Elapsed time spent in this place.
 B = Non-inter-level travel time spent in this place.
 C = Inter-level travel time spent in this place.
 D = Time resting spent in this place.
 E = Time spent auto-exploring this place.
 F = Levels seen in this place.
 G = Mean time per level.
                   A        B        C        D        E       F      G
               +--------+--------+--------+--------+--------+-----+--------+
         Total |   3490 |   3398 |     92 |    798 |    768 |   4 |  872.5 |
       Dungeon |   3490 |   3398 |     92 |    798 |    768 |   4 |  872.5 |
               +--------+--------+--------+--------+--------+-----+--------+

Top non-repeatable levels by time:
     D:1: 1340 daAuts
     D:3: 899 daAuts
     D:2: 818 daAuts
     D:4: 432 daAuts
